 Dungeon Crawl Stone Soup version 0.31-a0-246-g8cbcc1cb85 (webtiles) character file.

Game seed: 4766618309712984107

45 qw the Shooter (level 3, -4/29 HPs)
             Began as a Minotaur Hexslinger on July 12, 2023.
             Slain by Robin
             ... wielding a +0 heavy mace
              (6 damage)
             ... on level 2 of the Dungeon.
             The game lasted 00:00:24 (1033 turns).

qw the Shooter (Minotaur Hexslinger)                Turns: 1033, Time: 00:00:24

Health: -4/29      AC:  4    Str: 12    XL:     3   Next: 42%
Magic:  3/3        EV: 12    Int: 10    God:
Gold:   58         SH:  0    Dex: 14    Spells: 3/4 levels left

rFire   + . .        Y - +1 sling
rCold   . . .        (no shield)
rNeg    . . .        e - +2 robe {rF+}
rPois   .            (helmet restricted)
rElec   .            (no cloak)
rCorr   .            (no gloves)
SInv    .            (no boots)
Will    .....        (no amulet)
Stlth   +            (no ring)
HPRegen 0.24/turn    (no ring)
MPRegen 0.08/turn

%: no passive effects
@: no status effects
A: horns 2, retaliatory headbutt
a: no special abilities


You were on level 2 of the Dungeon.
You visited 1 branch of the dungeon, and saw 2 of its levels.

You collected 58 gold pieces.


Innate Abilities, Weirdness & Mutations

You have a pair of horns on your head.
You reflexively headbutt those who attack you in melee.


   Skills:
 - Level 2.0 Fighting
 + Level 4.0 Ranged Weapons
 - Level 2.1 Dodging
 - Level 1.0 Spellcasting
 - Level 2.0 Hexes


You had 3 spell levels left.
You knew the following spells:

 Your Spells              Type           Power      Damage    Failure   Level
a - Slow                  Hex            16%        N/A       16%         1

Your spell library contained the following spells:

 Spells                   Type           Power      Damage    Failure   Level
 Inner Flame              Hex/Fire       2%         N/A       56%         3
 Portal Projectile        Hex/Tloc       4%         N/A       56%         3
 Cause Fear               Hex            2%         N/A       83%         4

Inventory:

Hand Weapons
 Y - a +1 sling (weapon)
Armour
 e - a +2 robe of fire resistance (worn)
Potions
 a - a potion of heal wounds {unknown}
 b - a potion of curing {unknown}

Dungeon Overview and Level Annotations

Branches:
Dungeon (2/15)

Altars:

Annotations:
D:2 Robin


Message History

Robin hits you with a +0 heavy mace!
You shoot a sling bullet. The sling bullet hits Robin.
Robin is lightly wounded.
Robin hits you with a +0 heavy mace.
You shoot a sling bullet.
The sling bullet hits Robin but does no damage.
Robin is lightly wounded.
The hobgoblin no longer looks unusually strong.
Robin hits you with a +0 heavy mace.
You shoot a sling bullet.
The sling bullet completely misses Robin.
The sling bullet hits the hobgoblin.
The hobgoblin is moderately wounded.
Robin roars a battlecry!
The hobgoblin goes into a battle-frenzy!
You shoot a sling bullet. The sling bullet hits Robin.
Robin is heavily wounded.
Robin misses you.
You shoot a sling bullet. The sling bullet barely misses Robin.
The sling bullet hits the hobgoblin.
The hobgoblin is severely wounded.
Robin roars a battlecry!
You shoot a sling bullet. The sling bullet closely misses Robin.
The sling bullet hits the hobgoblin.
You kill the hobgoblin!
Robin barely misses you.
You shoot a sling bullet. The sling bullet hits Robin.
Robin is heavily wounded.
A hobgoblin comes into view.
Robin barely misses you.
You shoot a sling bullet. The sling bullet hits Robin.
Robin is severely wounded.
You shoot a sling bullet. The sling bullet closely misses Robin.
The sling bullet closely misses the hobgoblin.
The hobgoblin no longer looks unusually strong.
Robin hits you with a +0 heavy mace!
You shoot a sling bullet. The sling bullet hits Robin.
Robin is almost dead.
Robin hits you with a +0 heavy mace.
You die... ##### . #g .K #g .# #gg#### #.# #gg.gg#

#.# #g# #.# ########
#@# #.# #.......
###.###)#####.#
#.######
..............# #.#
###.#.....##..###.##
#...........##...#
###.....##.......#
#.....######...#
###.### ##### #.#


You could see Robin and 2 hobgoblins.

Vanquished Creatures
  A bat (D:2)
  4 endoplasms
  2 giant cockroaches
  8 goblins
  10 hobgoblins
  A quokka (D:1)
  5 ball pythons
  A frilled lizard (D:1)
  3 kobolds
  A rat (D:2)
36 creatures vanquished.

Notes
Turn   | Place    | Note
-------+----------+-------------------------------------------
     0 | D:1      | qw the Minotaur Hexslinger began the quest for the Orb.
     0 | D:1      | Reached XP level 1. HP: 16/16 MP: 1/1
     0 | D:1      | 0 ||| qw: Version: 0.3-a-52-g30416fa
     0 | D:1      | 0 ||| qw: Game counter: 6279
     0 | D:1      | 0 ||| qw: Melee chars always use a shield: true
     0 | D:1      | 0 ||| qw: God list: Okawaru
     0 | D:1      | 0 ||| qw: Allow faded altars: false
     0 | D:1      | 0 ||| qw: Do Orc after clearing Dungeon:15 true
     0 | D:1      | 0 ||| qw: Do second Lair branch before Depths: true
     0 | D:1      | 0 ||| qw: Lair rune preference: random
     0 | D:1      | 0 ||| qw: Goals: Normal
     0 | D:1      | 0 ||| PLANNING D:1-11
   228 | D:1      | Reached skill level 3 in Ranged Weapons
   231 | D:1      | Reached XP level 2. HP: 23/23 MP: 2/2
   779 | D:1      | 779 ||| UPGRADING to +2 robe of fire resistance.
   789 | D:1      | 789 ||| DROPPING +0 robe.
   790 | D:1      | 790 ||| READING scroll labelled XUUTTY CUHUU.
   791 | D:1      | 791 ||| READING scroll labelled BARA UHEAHOGU.
   792 | D:1      | 792 ||| DROPPING scroll of poison.
   974 | D:2      | Reached XP level 3. HP: 29/29 MP: 3/3
   997 | D:2      | Noticed Robin
  1003 | D:2      | 1003 ||| Stepping ~*~*~tactically~*~*~ (outnumbered).
  1022 | D:2      | Reached skill level 4 in Ranged Weapons
  1032 | D:2      | HP: 2/29 [Robin/+0 heavy mace (10)]
  1033 | D:2      | Slain by Robin

Levels and vault maps discovered:
D:1:      ncdulo_smallfort, layout_loops_corners
D:2:      layout_loops_ring, uniq_sigmund, uniq_robin

Skill      XL: |  1  2  3 |
---------------+----------+-----
Ranged Weapons | 3 4 |  4.0
Fighting       | 2 |  2.0
Dodging        | |  2.1
Spellcasting   | |  1.0
Hexes          | |  2.0

Action                     || total
---------------------------++-------
   Fire: Sling             ||   109
    Use: Scroll            ||     2
 Armour: Robe              ||    15
  Dodge: Dodged            ||    39

Table legend:
 A = Non-vault XP
 B = Vault XP
 C = Vault XP percentage of total XP
 D = Non-vault monster count
 E = Vault monster count
 F = Vault count percentage of total count
                 A         B        C        D         E       F
            +---------+---------+-------+---------+---------+-------
      Total |      47 |      18 |  27.7 |      27 |       9 |  25.0
            +---------+---------+-------+---------+---------+-------
        D:1 |      32 |       0 |   0.0 |      18 |       0 |   0.0
        D:2 |      15 |      18 |  54.5 |       9 |       9 |  50.0
            +---------+---------+-------+---------+---------+-------
